 Dungeon Crawl Stone Soup version 0.30-a0-242-g7bf8e6d787 (webtiles) character file.

Game seed: 1046532674425866250

459 ragingrage the Chopper (level 7, 0/50 HPs)
             Began as a Formicid Reaver on Oct 11, 2022.
             Was a Follower of Okawaru.
             Killed from afar by Blork the orc (4 damage)
             ... with a puff of frost
             ... on level 5 of the Dungeon.
             The game lasted 00:04:56 (4332 turns).

ragingrage the Chopper (Formicid Reaver)            Turns: 4332, Time: 00:04:57

Health: 0/50       AC:  7    Str: 31    XL:     7   Next: 27%
Magic:  10/10      EV: 12    Int: 12    God:    Okawaru [*.....]
Gold:   94         SH:  0    Dex: 12    Spells: 5/10 levels left

rFire   . . .      SeeInvis +    o - +0 war axe (freeze)
rCold   + . .      Faith    .    (no shield)
rNeg    . . .      Spirit   .    x - +2 leather armour {rC+}
rPois   .          Reflect  .    (helmet unavailable)
rElec   .          Harm     .    (no cloak)
rCorr   .          Rampage  .    u - +0 pair of gloves
Will    .....                    v - +0 pair of boots
Stlth   +.........               (no amulet)
HPRegen 0.28/turn                p - +6 ring of strength
MPRegen 0.12/turn                w - +6 ring of strength

@: no status effects
A: permanent stasis, dig shafts and tunnels, antennae 3, four strong arms
a: Dig, Shaft Self, Renounce Religion, Heroism


You were on level 5 of the Dungeon.
You worshipped Okawaru.
Okawaru was aware of your devotion.
You visited 2 branches of the dungeon, and saw 6 of its levels.

You collected 317 gold pieces.
You spent 223 gold pieces at shops.

Inventory:

Hand Weapons
 o - a +0 war axe of freezing (weapon)
Missiles
 t - 4 javelins (quivered)
Armour
 b - a +0 leather armour
 u - a +0 pair of gloves (worn)
 v - a +0 pair of boots (worn)
 x - a +2 leather armour of cold resistance (worn)
Jewellery
 p - a +6 ring of strength (left hand)
 w - a +6 ring of strength (right hand)
Wands
 s - a wand of acid (3)
Scrolls
 d - 7 scrolls of identify {unknown}
 e - a scroll of amnesia {unknown}
 f - a scroll of poison {unknown}
 g - a scroll of teleportation {unknown}
 h - a scroll of immolation {unknown}
 i - 2 scrolls of torment {unknown}
 j - 2 scrolls of fear {unknown}
 l - 2 scrolls of blinking {unknown}
 n - a scroll of fog {unknown}
Potions
 c - 2 potions of degeneration {unknown}
 k - 2 potions of curing {unknown}
 m - 2 potions of invisibility {unknown}
 q - a potion of haste {unknown}
 r - a potion of flight {unknown}


   Skills:
 - Level 2.1 Fighting
 + Level 5.3 Axes
 - Level 1.7 Dodging
 - Level 2.1 Spellcasting
 + Level 4.7 Conjurations
 - Level 3.0 Translocations


You had 5 spell levels left.
You knew the following spells:

 Your Spells              Type           Power      Damage    Failure   Level
a - Kiss of Death         Conj/Necr      24%        2d7       12%         1
b - Momentum Strike       Conj/Tloc      20%        3d8       10%         2
c - Searing Ray           Conj           24%        2d5       6%          2

Your spell library contained the following spells:

 Spells                   Type           Power      Damage    Failure   Level
 Magic Dart               Conj           48%        1d5       4%          1
 Hailstorm                Conj/Ice       6%         3d4       34%         3
 Manifold Assault         Tloc           8%         N/A       65%         4
 Fulminant Prism          Conj/Hex       3%         3d6       75%         4
 Dispersal                Tloc           4%         N/A       100%        6
 Orb of Destruction       Conj           6%         9d6       100%        7
 Disjunction              Tloc           4%         N/A       100%        8
 Summon Guardian Golem    Hex/Summ       Unusable   N/A       N/A         3
 Spellforged Servitor     Conj/Summ      Unusable   N/A       N/A         7

Dungeon Overview and Level Annotations

Branches:
Dungeon (5/15)             Temple (1/1) D:4

Altars:
Dithmenos
Elyvilon
Fedhas
Gozag
Kikubaaqudgha
Okawaru
Ru
Uskayaw
Vehumet
Wu Jian
Xom
Yredelemnul
Zin

Shops:
D:3 (   D:4 :[

Annotations:
D:5 Blork the orc


Innate Abilities, Weirdness & Mutations

You cannot be hasted, slowed, berserked, paralysed or teleported.
You can dig through walls and to a lower floor.
You have a pair of large antennae on your head. (SInv)
Your four strong arms can wield two-handed weapons with a shield.


Message History

Blork the orc casts a spell at you. The puff of frost hits you. You resist.
You hit Blork the orc but do no damage.
Blork the orc is moderately wounded.
You closely miss the hound. The hound bites you.
Blork the orc closely misses you. The hound completely misses you.
You barely miss Blork the orc.
Blork the orc is moderately wounded.
You hit the hound. You freeze the hound. The hound bites you.
Blork the orc gestures at you while chanting.
The magic dart hits you. The hound barely misses you.
You closely miss Blork the orc.
Blork the orc is moderately wounded.
You slash the hound! You freeze the hound.
The hound bites you but does no damage.
Blork the orc hits you with a +1 vampiric glaive!
Blork the orc draws strength from your wounds!
The hound misses you.
Blork the orc hits you with a +1 vampiric glaive!
Blork the orc draws strength from your wounds!
You closely miss Blork the orc.
Blork the orc is lightly wounded.
You closely miss the hound. The hound misses you.
Blork the orc closely misses you. The hound bites you but does no damage.
You slash Blork the orc! You freeze Blork the orc.
Blork the orc is heavily wounded.
You barely miss the hound. The hound bites you but does no damage.
Blork the orc barely misses you. The hound bites you.
You barely miss Blork the orc.
Blork the orc is heavily wounded.
You slash the hound! You freeze the hound.
You kill the hound!
Okawaru accepts your kill.
Blork the orc drinks a potion.
Blork the orc is healed!
You barely miss Blork the orc.
Blork the orc hits you with a +1 vampiric glaive!
* * * LOW HITPOINT WARNING * * *
Blork the orc gestures at you while chanting.
The puff of frost hits you. You resist.
You die...

#.#............####
#.#.#..###...#...##
#....<.##..#......#
###.#..........)..####
..#..##.##).#.......†.####
......>.##..###....#).....
....###............#......
...=.........##.............
.........(.@.#..............
...........o................
.......(.................
......(..................
...^..(..................
......(..................
......#.#...............
.#......##.........(...#
...g...####.....#......#


You could see Blork the orc (poisoned).

Vanquished Creatures
  Grinder (D:5)
  A phantom (D:5)
  A scorpion (D:4)
  An orc priest (D:5)
  A hound (D:5)
  2 gnolls (D:5)
  2 adders (D:5)
  2 worms (D:5)
  6 orcs
  6 endoplasms
  3 giant cockroaches
  9 goblins
  5 hobgoblins
  4 jackals (D:2)
  7 kobolds
  A quokka (D:1)
  11 ball pythons
  6 bats
  4 frilled lizards
  4 rats (D:2)
77 creatures vanquished.

Vanquished Creatures (others)
  2 jellies (D:4)
  A gnoll (D:5)
  2 adders
  A bat (D:3)
  An endoplasm (D:3)
  A hobgoblin (D:2)
  2 quokkas (D:2)
  A rat (D:3)
11 creatures vanquished.

Grand Total: 88 creatures vanquished

Notes
Turn   | Place    | Note
-------+----------+-------------------------------------------
     0 | D:1      | ragingrage the Formicid Reaver began the quest for the Orb.
     0 | D:1      | Reached XP level 1. HP: 16/16 MP: 3/3
   222 | D:1      | Reached XP level 2. HP: 22/22 MP: 5/5
   508 | D:1      | Learned a level 2 spell: Momentum Strike
   581 | D:1      | Reached XP level 3. HP: 24/27 MP: 6/6
  1418 | D:2      | Learned a level 2 spell: Searing Ray
  2092 | D:3      | Found a faded altar of an unknown god.
  2264 | D:3      | Found a white marble altar of Elyvilon.
  2294 | D:3      | Reached XP level 4. HP: 33/33 MP: 4/7
  2519 | D:3      | Found Car Qip's Weapon Boutique.
  2529 | D:3      | Reached skill level 1 in Translocations
  2564 | D:3      | Bought a +0 war axe of freezing for 83 gold pieces
  3152 | D:4      | Noticed a scorpion
  3176 | D:4      | Reached skill level 4 in Axes
  3356 | D:4      | Found a radiant altar of Vehumet.
  3461 | D:4      | Found a staircase to the Ecumenical Temple.
  3463 | D:4      | Reached XP level 5. HP: 38/38 MP: 8/8
  3471 | D:4      | Found Xasuj's Antique Armour Shop.
  3473 | Temple   | Entered the Ecumenical Temple
  3577 | Temple   | Became a worshipper of Warmaster Okawaru
  3681 | D:4      | Bought a runed leather armour for 140 gold pieces
  3832 | D:4      | Found Geurenacewn's Book Boutique.
  3905 | D:5      | Entered Level 5 of the Dungeon
  4004 | D:5      | Reached XP level 6. HP: 42/44 MP: 9/9
  4047 | D:5      | Reached * piety under Okawaru
  4159 | D:5      | Noticed Grinder
  4254 | D:5      | Killed Grinder
  4255 | D:5      | Reached skill level 5 in Axes
  4255 | D:5      | Reached XP level 7. HP: 34/50 MP: 3/10
  4284 | D:5      | Noticed Blork the orc
  4332 | D:5      | Killed from afar by Blork the orc

Illustrated notes

Levels and vault maps discovered:
D:1:      reono_arrival_mine, layout_basic
D:2:      layout_basic
D:3:      layout_basic, elyvilon_altar_5, serial_shops,
          nicolae_shop_temple_entry_statues_fountains,
          nicolae_ecumenical_pavilion, minmay_misc_feat_tiny,
          grunt_ministairs_13
D:4:      layout_rooms, lemuel_tele_altar,
          minmay_temple_entry_statues_fountains, serial_shops,
          kennysheep_mini_moat, shop_fountains, st_stairs_3
D:5:      layout_rooms, nicolae_overflow_hidden_temple, uniq_grinder,
          uniq_blork_the_orc
Temple:   hellmonk_temple_forest_ring

Skill      XL: |  1  2  3  4  5  6 |
---------------+-------------------+-----
Conjurations   | 3 4 |  4.7
Translocations | 1 2 3 |  3.0
Axes           | 4 5 |  5.3
Fighting       | |  2.1
Dodging        | |  1.7
Spellcasting   | |  2.1

Action                   |  1- 3 |  4- 6 |  7- 9 || total
-------------------------+-------+-------+-------++-------
Melee: Hand axe          |   133 |    26 |       ||   159
       Punch             |     2 |     2 |       ||     4
       War axe           |       |    90 |     8 ||    98
Throw: Dart              |       |       |     5 ||     5
 Cast: Momentum Strike   |     9 |    12 |       ||    21
       Searing Ray       |       |     4 |       ||     4
 Stab: Sleeping          |     1 |       |       ||     1
Armor: Leather armour    |    34 |    47 |     3 ||    84
Dodge: Dodged            |    74 |   105 |     9 ||   188

Table legend: (Time is in decaauts)
 A = Elapsed time spent in this place.
 B = Non-inter-level travel time spent in this place.
 C = Inter-level travel time spent in this place.
 D = Time resting spent in this place.
 E = Time spent auto-exploring this place.
 F = Levels seen in this place.
 G = Mean time per level.
                   A        B        C        D        E       F      G
               +--------+--------+--------+--------+--------+-----+--------+
         Total |   4379 |   4204 |    175 |    506 |   2887 |   6 |  729.8 |
       Dungeon |   4256 |   4118 |    138 |    506 |   2813 |   5 |  851.2 |
        Temple |    122 |     85 |     37 |      0 |     74 |   1 |  122.0 |
               +--------+--------+--------+--------+--------+-----+--------+

Top non-repeatable levels by time:
     D:2: 1130 daAuts
     D:3: 1009 daAuts
     D:1: 977 daAuts
     D:4: 770 daAuts
     D:5: 368 daAuts
  Temple: 122 daAuts
